 Dungeon Crawl Stone Soup version 0.18.1-48-g4cf74bf (webtiles) character file.

11852 Jerry the Cudgeler (level 11, -5/75 HPs)
             Began as a Demonspawn Fighter on Aug 4, 2016.
             Was a High Priest of Sif Muna.
             Engulfed by an ice statue's freezing vapour (17 damage)
             ... in an ice cave.
             The game lasted 00:54:53 (14146 turns).

Jerry the Cudgeler (Demonspawn Fighter)            Turns: 14146, Time: 00:54:54

Health: -5/75      AC: 12    Str: 26    XL:     11   Next: 54%
Magic:  17/17      EV: 14    Int: 21    God:    Sif Muna [*****.]
Gold:   337        SH:  0    Dex: 17    Spells: 1 memorised, 18 levels left

rFire  . . .     SeeInvis .     v - +4 whip (flame)
rCold  . . .     Gourm    .     N - +1 chain mail "Mosorchurph" {rPois Int+4}
rNeg   . . .     Faith    .     (no shield)
rPois  +         Spirit   .     L - +2 hat
rElec  .         Dismiss  .     Q - -3 cloak "Leesirei" {Str+3 Int+4 Dex+4 Stlth-}
rCorr  .         Reflect  .     (no gloves)
SustAt .         Harm     .     (no boots)
MR     .....     Clarity  +     (no amulet)
Stlth  ..........               F - +4 ring of protection
                                n - +5 ring of evasion

@: mighty, not resistant to hostile enchantments, extremely unstealthy
A: claws 2, hooves 1, clarity, deformed body, demonic guardian 2, low mp 1,
powered by pain 1, strong 1, wild magic 1, sturdy frame 1
a: Channel Energy, Forget Spell, Renounce Religion


You were in an ice cave.
You worshipped Sif Muna.
Sif Muna was extremely pleased with you.
You were not hungry.

You visited 3 branches of the dungeon, and saw 12 of its levels.
You also visited: Sewer and Ice Cave.

You collected 715 gold pieces.
You spent 378 gold pieces at shops.

Inventory:

Hand Weapons
 v - a +4 whip of flaming (weapon)
 M - a +0 whip of freezing
Armour
 c - a +0 shield
 w - a +1 cloak
 H - a cursed -1 robe
 L - a +2 hat (worn)
 N - the +1 chain mail "Mosorchurph" (worn) {rPois Int+4}
   (You bought it in a shop on level 7 of the Dungeon)

   It affects your intelligence (+4).
   It protects you from poison.
 Q - the -3 cloak "Leesirei" (worn) {Str+3 Int+4 Dex+4 Stlth-}
   (You found it on level 10 of the Dungeon)

   It affects your strength (+3).
   It affects your intelligence (+4).
   It affects your dexterity (+4).
   It makes you less stealthy.
 Y - a +0 helmet
Jewellery
 n - a +5 ring of evasion (left claw)
 F - a +4 ring of protection (right claw)
 T - an uncursed amulet of faith
 W - an uncursed ring of ice {unknown}
Wands
 a - a wand of confusion (17/48)
 d - a wand of flame (19/48)
 t - a wand of polymorph (12/24)
 y - a wand of flame (16/48)
 E - a wand of flame (48/48)
 K - a wand of acid (8/15)
 P - a wand of lightning (2/15)
 V - a wand of slowing (20/48)
Scrolls
 e - 2 scrolls of recharging
 o - 8 scrolls of teleportation
 q - 4 scrolls of identify
 r - 5 scrolls of fear
 u - 3 scrolls of amnesia
 x - 2 scrolls of noise
 G - 3 scrolls of remove curse
 O - a scroll of enchant weapon
 S - a scroll of blinking
Potions
 g - 3 potions of haste
 h - 8 potions of curing
 i - 2 potions of cure mutation
 k - 4 potions of lignification
 l - 4 potions of degeneration
 p - 2 potions of cancellation
 s - 2 potions of brilliance
 B - 2 potions of magic {unknown}
 C - 2 potions of flight {unknown}
 I - a potion of agility {unknown}
Books
 b - a book of Clouds

   Spells                             Type                      Level
   a - Mephitic Cloud                 Conjuration/Poison/Air       3
   b - Conjure Flame                  Conjuration/Fire             3
   c - Poisonous Cloud                Conjuration/Poison/Air       6
   d - Freezing Cloud                 Conjuration/Ice/Air          6
   e - Ring of Flames                 Charms/Fire                  7
 A - a book of Party Tricks

   Spells                             Type                      Level
   a - Summon Butterflies             Summoning                    1
   b - Apportation                    Translocation                1
   c - Tukima's Dance                 Hexes                        3
   d - Alistair's Intoxication        Transmutation/Poison         5
   e - Invisibility                   Hexes                        6
 U - a book of Necromancy

   Spells                             Type                      Level
   a - Pain                           Necromancy                   1
   b - Animate Skeleton               Necromancy                   1
   c - Vampiric Draining              Necromancy                   3
   d - Regeneration                   Charms/Necromancy            3
   e - Animate Dead                   Necromancy                   4
   f - Control Undead                 Necromancy                   4
Comestibles
 f - 6 bread rations
 j - 11 fruits
 m - 7 meat rations
 z - 5 chunks of flesh
 D - a slice of pizza
 J - a beef jerky


   Skills:
 - Level 3.0 Fighting
 - Level 7.8 Maces & Flails
 - Level 7.8 Armour
 - Level 2.6 Shields
 - Level 5.7 Spellcasting
 + Level 7.7 Conjurations
 + Level 6.8 Air Magic
 + Level 7.3 Poison Magic


You had 18 spell levels left.
You knew the following spells:

 Your Spells              Type           Power        Failure   Level  Hunger
a - Mephitic Cloud        Conj/Pois/Air  #####...     10%         3    ##.....


Dungeon Overview and Level Annotations

Branches:
Dungeon (10/15)            Temple (1/1) D:5            Lair (1/8) D:10
    Orc (0/2) D:9

Altars:
Ashenzari
Cheibriados
Elyvilon
Fedhas
Gozag
Kikubaaqudgha
Makhleb
Nemelex Xobeh
Okawaru
Pakellas
Qazlal
Ru
Sif Muna
Trog
Vehumet
Xom
Yredelemnul
Zin
The Shining One

Shops:
D:4 =   D:7 [   D:8 [

Annotations:
IceCv exclusion: ice statue


Innate Abilities, Weirdness & Mutations

You have very sharp fingernails.
A demonic guardian rushes to your aid.
You sometimes gain a little power by taking damage.
Your movements are slightly less encumbered by armour (ER -2).
You have large cloven feet.
You possess an exceptional clarity of mind.
Armour fits poorly on your strangely shaped body.
Your magical capacity is low (-10% MP).
Your muscles are strong. (Str +2)
Your spells are a little harder to cast, but a little more powerful.


Message History

You see here a wolf skeleton.
You start resting.
Eating one of 7 chunks of flesh.
This raw flesh tastes terrible.
You continue eating. x2
Eating one of 6 chunks of flesh.
This raw flesh tastes terrible.
You continue eating. x2
HP restored.
Marking area around the ice statue as unsafe for travelling.
An ice statue comes into view.
The ice statue gestures at you.
You are engulfed in freezing vapours.
You focus on the pain.
You feel very mighty all of a sudden. The ice statue gestures at you.
The bolt of cold hits you!
You focus on the pain.
You feel mightier all of a sudden.
You are engulfed in freezing vapours.
* * * LOW HITPOINT WARNING * * *
Your soul eater is engulfed in freezing vapours.
You swap places.
You are engulfed in freezing vapours.
You die...

#..##
.8..#
#....
§.§#
##.§#
#§§#
#§#
#3##
##@#
##§#
#..#
#.##
#.##
##.###
#.#.#
#...##
##.#.#


You could see a friendly soul eater.

Vanquished Creatures
  Pikel (D:7)
  A spiny frog (Lair:1)
  A gargoyle (D:10)
  A troll (D:9)
  5 polar bears (IceCv)
  10 yaks
  4 hippogriffs
  5 orc warriors
  3 sky beasts
  7 ice beasts
  A necrophage (D:10)
  4 ogres
  2 phantoms
  14 wolves (IceCv)
  4 centaurs
  A big kobold (D:10)
  3 giant frogs
  A wyvern zombie (D:6)
  A gnoll sergeant (D:10)
  A scorpion (D:5)
  7 killer bees
  A howler monkey (D:5)
  3 jellies
  3 crimson imps
  A giant frog zombie (D:6)
  6 orc priests
  A hound (D:6)
  Crazy Yiuf (D:7)
  A centaur skeleton (D:5)
  4 iguanas
  13 orc wizards
  8 worker ants
  A sheep (D:10)
  A hound skeleton (D:6)
  2 worker ant zombies (D:5)
  3 gnolls (D:10)
  6 adders
  13 river rats (Lair:1)
  A shadow imp (D:5)
  An adder zombie (D:5)
  A worm (D:3)
  5 giant geckos
  42 orcs
  8 ball pythons
  8 bats
  A bat zombie (D:6)
  2 giant cockroaches
  7 goblins
  5 hobgoblins
  8 jackals
  10 quokkas
  A giant gecko skeleton (D:4)
  8 giant newts
  18 kobolds
  A quokka skeleton (D:9)
  7 rats
  2 rat zombies (D:6)
281 creatures vanquished.

Vanquished Creatures (collateral kills)
  An elephant (D:10)
  3 polar bears (IceCv)
  10 yaks
  A vampire (D:9)
  2 orc warriors
  A sky beast (D:5)
  A phantom (D:4)
  3 ice beasts (Lair:1)
  A wolf (IceCv)
  An ogre (D:4)
  A giant frog (D:6)
  A scorpion (D:4)
  3 killer bees (D:10)
  A crimson imp (D:9)
  The ghost of sheala the Conjurer, a weakling DECj (D:3)
  A giant frog zombie (D:7)
  2 orc wizards (D:6)
  An orc priest (D:6)
  Jessica (D:2)
  2 iguanas
  A sheep (D:10)
  A gnoll (D:10)
  A worm (D:3)
  2 orcs (D:7)
  A quokka (D:4)
44 creatures vanquished.

Vanquished Creatures (others)
  The ghost of sheala the Destroyer, a novice DECj of Sif Muna (D:7)
  A big kobold (D:7)
  An orc wizard (D:7)
  8 orcs (D:7)
  A jackal (D:7)
  4 kobolds (D:7)
  A fulminant prism (D:7)
  A plant (Lair:1)
18 creatures vanquished.

Grand Total: 343 creatures vanquished

Notes
Turn   | Place    | Note
--------------------------------------------------------------
     0 | D:1      | Jerry the Demonspawn Fighter began the quest for the Orb.
     0 | D:1      | Reached XP level 1. HP: 18/18 MP: 1/1
   209 | D:1      | Gained mutation: A weak demonic guardian rushes to your aid. [demonic ancestry]
   209 | D:1      | Reached XP level 2. HP: 24/24 MP: 2/2
   937 | D:2      | Gained mutation: You sometimes gain a little power by taking damage. [demonic ancestry]
   937 | D:2      | Reached XP level 3. HP: 29/29 MP: 3/3
   969 | D:2      | Noticed Jessica
   989 | D:2      | Killed Jessica
  1214 | D:2      | Found a white marble altar of Elyvilon.
  1432 | D:3      | Noticed sheala's ghost (weakling DECj)
  1442 | D:3      | Killed sheala's ghost
  1442 | D:3      | Reached XP level 4. HP: 23/35 MP: 4/4
  2168 | D:4      | Gained mutation: A demonic guardian rushes to your aid. [demonic ancestry]
  2168 | D:4      | Reached XP level 5. HP: 29/41 MP: 5/5
  2181 | D:4      | Found a sacrificial altar of Ru.
  2318 | D:4      | Noticed a phantom
  2325 | D:4      | Killed a phantom
  2347 | D:4      | Found Utir Buf's Jewellery Shoppe.
  2452 | D:4      | Noticed an ogre
  2455 | D:4      | Killed an ogre
  2455 | D:4      | Gained mutation: You have sharp fingernails. [demonic ancestry]
  2455 | D:4      | Reached XP level 6. HP: 41/47 MP: 6/6
  2665 | D:4      | Reached skill level 5 in Armour
  3193 | D:4      | Found a blossoming altar of Fedhas.
  3557 | D:5      | Entered Level 5 of the Dungeon
  3564 | D:5      | Reached skill level 5 in Maces & Flails
  3584 | D:5      | Found a staircase to the Ecumenical Temple.
  3606 | Temple   | Entered the Ecumenical Temple
  3659 | Temple   | Became a worshipper of Sif Muna the Loreminder
  3670 | D:5      | Reached XP level 7. HP: 49/52 MP: 7/7
  3862 | D:5      | Found a glowing silver altar of Zin.
  3909 | D:5      | Reached skill level 1 in Spellcasting
  4117 | D:5      | Found a deep blue altar of Sif Muna.
  4586 | D:6      | Found a glowing drain.
  4608 | Sewer    | Entered a sewer
  5192 | D:6      | Gained mutation: You have very sharp fingernails. [demonic ancestry]
  5192 | D:6      | Reached XP level 8. HP: 38/58 MP: 12/12
  6091 | D:6      | Found a deep blue altar of Sif Muna.
  6287 | D:6      | Found an ancient bone altar of Kikubaaqudgha.
  6824 | D:7      | Noticed sheala's ghost (novice DECj)
  6835 | D:7      | Killed sheala's ghost
  6835 | D:7      | Reached XP level 9. HP: 49/63 MP: 14/16
  6961 | D:6      | Reached * piety under Sif Muna
  7143 | D:7      | Noticed Pikel
  7150 | D:7      | Noticed Crazy Yiuf
  7165 | D:7      | Killed Pikel
  7165 | D:7      | Reached skill level 5 in Spellcasting
  7174 | D:7      | Killed Crazy Yiuf
  7420 | D:7      | Gained mutation: Your muscles are strong. (Str +2) [mutagenic meat]
  7421 | D:7      | Gained mutation: You have large cloven feet. [mutagenic meat]
  7422 | D:7      | Gained mutation: You possess an exceptional clarity of mind. [mutagenic meat]
  7423 | D:7      | Gained mutation: Armour fits poorly on your strangely shaped body. [mutagenic meat]
  7424 | D:7      | Gained mutation: Your magical capacity is low (-10% MP). [mutagenic meat]
  7477 | D:7      | Found Fovvoudime's Antique Armour Boutique.
  7484 | D:7      | Bought an embroidered hat for 112 gold pieces
  7484 | D:7      | Bought a brightly glowing chain mail for 266 gold pieces
  7499 | D:7      | Identified the +1 chain mail "Mosorchurph" {rPois Int+4} (You bought it in a shop on level 7 of the Dungeon)
  7759 | D:7      | Gained mutation: Your spells are a little harder to cast, but a little more powerful. [mutagenic meat]
  7855 | D:7      | Learned a level 3 spell: Mephitic Cloud
  8166 | D:8      | Found a burning altar of Makhleb.
  8167 | D:8      | Found an opulent altar of Gozag.
  8168 | D:8      | Found a basalt altar of Yredelemnul.
  8232 | D:8      | Found Vied's Antique Armour Emporium.
  8443 | D:8      | Reached skill level 1 in Conjurations
  8443 | D:8      | Reached skill level 1 in Poison Magic
  8444 | D:8      | Reached skill level 1 in Air Magic
  8598 | D:8      | Reached ** piety under Sif Muna
  8868 | D:8      | Found a shattered altar of Ashenzari.
  8868 | D:8      | Found a snail-covered altar of Cheibriados.
  9435 | D:9      | Gained mutation: Your movements are slightly less encumbered by armour (ER -2). [demonic ancestry]
  9435 | D:9      | Reached XP level 10. HP: 19/70 MP: 16/16
 10194 | D:9      | Found a staircase to the Orcish Mines.
 10684 | D:9      | Found a sparkling altar of Nemelex Xobeh.
 10791 | D:10     | Entered Level 10 of the Dungeon
 10796 | D:10     | Got a fine cloak
 10810 | D:10     | Identified the -3 cloak "Leesirei" {Str+3 Int+4 Dex+4 Stlth-} (You found it on level 10 of the Dungeon)
 11059 | D:10     | Noticed a gargoyle
 11062 | D:10     | Noticed an elephant
 11064 | D:10     | Killed a gargoyle
 11071 | D:10     | Killed an elephant
 11071 | D:10     | Reached *** piety under Sif Muna
 11083 | D:10     | Found a staircase to the Lair.
 11251 | D:10     | Reached skill level 5 in Conjurations
 11380 | D:10     | Reached skill level 5 in Poison Magic
 11663 | D:10     | Reached skill level 5 in Air Magic
 11668 | D:10     | Reached **** piety under Sif Muna
 12213 | Lair:1   | Entered Level 1 of the Lair of Beasts
 12455 | Lair:1   | Noticed a spiny frog
 12464 | Lair:1   | Killed a spiny frog
 12568 | Lair:1   | Found a frozen archway.
 12585 | Lair:1   | Reached XP level 11. HP: 55/75 MP: 17/17
 12617 | IceCv    | Entered an ice cave
 12927 | IceCv    | Reached ***** piety under Sif Muna
 14146 | IceCv    | Engulfed by an ice statue's freezing vapour

Skill      XL: |  1  2  3  4  5  6  7  8  9 10 11 |
---------------+----------------------------------+-----
Maces & Flails | 2 3 4 5 6 7 |  7.8
Armour         | 3 4 5 7 |  7.8
Spellcasting   | 2 4 5 |  5.7
Conjurations   | 3 6 7 |  7.7
Poison Magic   | 3 5 7 |  7.3
Air Magic      | 2 5 6 |  6.8
Fighting       | |  3.0
Shields        | |  2.6

Action                   |  1- 3 |  4- 6 |  7- 9 | 10-12 || total
-------------------------+-------+-------+-------+-------++-------
Melee: Flail             |   101 |    22 |       |       ||   123
       Whip              |       |   143 |   592 |   625 ||  1360
       Kick              |       |       |    50 |   232 ||   282
  Use: Scroll            |       |       |    23 |     3 ||    26
       Potion            |       |       |       |     7 ||     7
 Stab: Invisible         |       |       |     2 |       ||     2
       Distracted        |       |       |       |     4 ||     4
  Eat: Chunk             |     1 |     8 |    24 |    17 ||    50
       Beef jerky        |       |       |     2 |       ||     2
Armor: Scale mail        |    54 |    52 |    90 |       ||   196
       Chain mail        |       |       |    74 |   238 ||   312
Dodge: Dodged            |    84 |    97 |   275 |   331 ||   787
